 Dungeon Crawl Stone Soup version 0.30-a0-161-gdd60e06945 (webtiles) character file.

Game seed: 17958776521522129448

2268 qw the Cleaver (level 9, -26/57 HPs)
             Began as a Gargoyle Fighter on Sept 27, 2022.
             Annihilated by a boulder beetle (30 damage)
             ... on level 6 of the Dungeon.
             The game lasted 00:02:19 (5903 turns).

qw the Cleaver (Gargoyle Fighter)                   Turns: 5903, Time: 00:02:20

Health: -26/57     AC: 18    Str: 31    XL:     9   Next: 38%
Magic:  9/9        EV:  8    Int:  8    God:
Gold:   250        SH:  6    Dex:  9    Spells: 8/8 levels left

rFire   . . .      SeeInvis +    Y - +1 war axe (freeze)
rCold   . . .      Faith    .    f - +2 buckler
rNeg    + . .      Spirit   .    j - +0 chain mail
rPois   inf        Reflect  .    p - +0 helmet
rElec   +          Harm     .    (no cloak)
rCorr   .          Rampage  .    k - +0 pair of gloves
Will    .....                    (no boots)
Stlth   ..........               (no amulet)
HPRegen 0.19/turn                l - +6 ring of strength
MPRegen 0.11/turn                s - ring of see invisible

@: no status effects
A: sickness immunity, AC +6, negative energy resistance 1, electricity
resistance, torment resistance 1, petrification resistance
a: no special abilities


You were on level 6 of the Dungeon.
You visited 1 branch of the dungeon, and saw 6 of its levels.

You collected 387 gold pieces.
You spent 137 gold pieces at shops.


Innate Abilities, Weirdness & Mutations

You are immune to sickness and miasma.
Your stone body is resilient. (AC +6)
You are immune to poison.
You resist negative energy. (rN+)
You are resistant to electric shocks. (rElec)
You are resistant to unholy torment.
You are immune to petrification.


   Skills:
 - Level 7.1 Fighting
 + Level 9.0 Axes
 - Level 5.4 Armour
 - Level 1.0 Dodging
 - Level 4.3 Shields


You had 8 spell levels left.
You didn't know any spells.
Your spell library was empty.

Inventory:

Hand Weapons
 b - a +0 flail
 Y - a +1 war axe of freezing (weapon)
Armour
 f - a +2 buckler (worn)
 j - a +0 chain mail (worn)
 k - a +0 pair of gloves (worn)
 p - a +0 helmet (worn)
Jewellery
 e - a ring of fire
 l - a +6 ring of strength (left hand)
 s - a ring of see invisible (right hand)
Scrolls
 g - 2 scrolls of identify
Potions
 d - 4 potions of might
 i - a potion of haste
 m - a potion of mutation
 o - 2 potions of curing
 q - a potion of attraction
 r - a potion of cancellation {unknown}
 t - a potion of berserk rage {unknown}

Dungeon Overview and Level Annotations

Branches:
Dungeon (6/15)
 Temple: D:4-7

Altars:
Ashenzari
Hepliaklqana
Trog

Shops:
D:1 *   D:5 *


Message History

The boulder beetle leaps!
The boulder beetle curls into a ball and begins rolling!
You barely miss the orc. You block the orc's attack.
The orc hits you with a +0 club.
You barely miss the orc. The orc closely misses you.
The boulder beetle barely misses you.
The boulder beetle stops rolling and uncurls.
You hit the boulder beetle. You freeze the boulder beetle.
The boulder beetle is moderately wounded.
You closely miss the orc. The boulder beetle closely misses you.
The orc barely misses you.
You hit the boulder beetle but do no damage.
The boulder beetle is moderately wounded.
You hit the orc. You freeze the orc.
The boulder beetle bites you but does no damage.
The orc hits you but does no damage.
You hit the orc. You freeze the orc.
You kill the orc!
You slash the boulder beetle! You freeze the boulder beetle.
The boulder beetle closely misses you.
You slash the boulder beetle! You freeze the boulder beetle.
The boulder beetle is heavily wounded.
The boulder beetle bites you but does no damage.
You slash the boulder beetle! You freeze the boulder beetle!
The boulder beetle is almost dead.
The boulder beetle bites you!
You hit the boulder beetle but do no damage.
The boulder beetle is almost dead.
The boulder beetle bites you but does no damage.
You hit the boulder beetle but do no damage.
The boulder beetle is almost dead.
The boulder beetle leaps!
You start resting.
A boulder beetle is nearby!
The boulder beetle curls into a ball and begins rolling!
You barely miss the boulder beetle.
The boulder beetle is severely wounded.
The boulder beetle hits you!!
Ouch! That really hurt!
You die...

.#...#...#...#.#######
.#...#.#...#.#........#
.#...#...#...#....#....#
.................##...##
...#...#...#...#.######
#[#...#:#...#)#...#
.#...#...#...#....#
..................#####
###..B@#.............#
#.0).#.........)...#
#0...'........#....#
......#.....#..#....##
#.###############.....[
.. #...... . #......
#...... #######


You could see a boulder beetle (rolling).

Vanquished Creatures
  A troll (D:6)
  Sigmund (D:3)
  A steam dragon (D:6)
  A water moccasin (D:6)
  2 black bears (D:6)
  2 ogres
  A centaur (D:6)
  3 phantoms
  3 bullfrogs
  A gnoll sergeant (D:6)
  A scorpion (D:5)
  2 hounds
  An orc priest (D:5)
  A gnoll bouda (D:6)
  4 iguanas
  4 jellies
  An orc wizard (D:4)
  Natasha (twice) (D:4)
  7 gnolls
  6 adders
  4 white imps
  2 ufetubi (D:5)
  5 worms
  2 dart slugs
  7 orcs
  4 ball pythons
  9 endoplasms
  4 giant cockroaches
  4 goblins
  10 hobgoblins
  11 jackals
  2 quokkas
  8 bats
  A kobold (D:3)
  6 rats
124 creatures vanquished.

Vanquished Creatures (others)
  3 fungi (D:1)
  2 plants (D:4)
  4 toadstools (D:1)
9 creatures vanquished.

Grand Total: 133 creatures vanquished

Notes
Turn   | Place    | Note
-------+----------+-------------------------------------------
     0 | D:1      | qw the Gargoyle Fighter began the quest for the Orb.
     0 | D:1      | Reached XP level 1. HP: 14/14 MP: 1/1
     0 | D:1      | 0 ||| qw: Version: 0.2-a-10-g37ed214
     0 | D:1      | 0 ||| qw: Game counter: 706
     0 | D:1      | 0 ||| qw: Always use a shield: true
     0 | D:1      | 0 ||| qw: God list: Okawaru
     0 | D:1      | 0 ||| qw: Allow faded altars: false
     0 | D:1      | 0 ||| qw: Do Orc after D:15 true
     0 | D:1      | 0 ||| qw: Do second Lair branch before Depths: true
     0 | D:1      | 0 ||| qw: Lair rune preference: random
     0 | D:1      | 0 ||| qw: Plans: Normal, Zot:1-4, God:TSO, Crypt, Tomb,
                  | Pan, Slime:5, Hells, Abyss, Orb
     0 | D:1      | 0 ||| PLANNING D:1-11
     6 | D:1      | 6 ||| Stepping ~*~*~tactically~*~*~ (water).
    11 | D:1      | Reached skill level 2 in Axes
   173 | D:1      | Reached XP level 2. HP: 19/19 MP: 2/2
   276 | D:1      | Found Xutio's General Store.
   279 | D:1      | 279 ||| BUYING +0 club (11 gold).
   279 | D:1      | Bought a +0 club for 11 gold pieces
   279 | D:1      | 279 ||| SHOPLISTING potion of haste (110 gold, have 50).
   279 | D:1      | 279 ||| SHOPLISTING ring "Kean" {rPois rF+ MP+9} (420 gold,
                  | have 50).
   279 | D:1      | 279 ||| BUYING scroll of identify (22 gold).
   279 | D:1      | Bought a scroll of identify for 22 gold pieces
   359 | D:1      | 359 ||| Stepping ~*~*~tactically~*~*~ (hiding).
   610 | D:1      | 610 ||| Stepping ~*~*~tactically~*~*~ (stealth).
   725 | D:1      | 725 ||| Stepping ~*~*~tactically~*~*~ (stealth).
   737 | D:1      | Reached skill level 3 in Axes
   800 | D:1      | 800 ||| UPGRADING to +0 pair of gloves.
   805 | D:1      | 805 ||| UPGRADING to +6 ring of strength.
   806 | D:1      | 806 ||| READING scroll labelled WAATRIARPHI.
   807 | D:1      | 807 ||| READING scroll labelled ESONWINL BIPOTT.
   808 | D:1      | 808 ||| READING 3 scrolls of identify.
   808 | D:1      | 808 ||| IDENTIFYING sedimented white potion
   809 | D:1      | 809 ||| READING 2 scrolls of identify.
   809 | D:1      | 809 ||| IDENTIFYING fuming pink potion
   810 | D:1      | 810 ||| DROPPING potion of brilliance.
   811 | D:1      | 811 ||| DROPPING potion of degeneration.
   849 | D:2      | 849 ||| STAIRDANCE
   901 | D:2      | 901 ||| STAIRDANCE
   905 | D:1      | Reached XP level 3. HP: 17/23 MP: 3/3
  1013 | D:2      | 1013 ||| Stepping ~*~*~tactically~*~*~ (stealth).
  1079 | D:2      | 1079 ||| FLEEEEING.
  1080 | D:2      | 1080 ||| FLEEEEING.
  1088 | D:2      | 1088 ||| FLEEEEING.
  1089 | D:2      | 1089 ||| FLEEEEING.
  1091 | D:2      | 1091 ||| FLEEEEING.
  1092 | D:2      | 1092 ||| FLEEEEING.
  1093 | D:2      | 1093 ||| FLEEEEING.
  1094 | D:2      | 1094 ||| FLEEEEING.
  1095 | D:2      | 1095 ||| FLEEEEING.
  1097 | D:2      | 1097 ||| FLEEEEING.
  1098 | D:2      | 1098 ||| FLEEEEING.
  1099 | D:2      | 1099 ||| FLEEEEING.
  1100 | D:2      | 1100 ||| FLEEEEING.
  1101 | D:2      | 1101 ||| FLEEEEING.
  1102 | D:2      | 1102 ||| FLEEEEING.
  1103 | D:2      | 1103 ||| FLEEEEING.
  1104 | D:2      | 1104 ||| FLEEEEING.
  1105 | D:2      | 1105 ||| FLEEEEING.
  1106 | D:2      | 1106 ||| FLEEEEING.
  1107 | D:2      | 1107 ||| FLEEEEING.
  1108 | D:2      | 1108 ||| FLEEEEING.
  1109 | D:2      | 1109 ||| FLEEEEING.
  1110 | D:2      | 1110 ||| FLEEEEING.
  1111 | D:2      | 1111 ||| STAIRDANCE
  1206 | D:1      | 1206 ||| UPGRADING to +2 buckler.
  1216 | D:1      | 1216 ||| DROPPING +0 buckler.
  1217 | D:1      | 1217 ||| READING scroll labelled SIBUUCZOMO.
  1318 | D:1      | 1318 ||| READING scroll labelled PEBUFRET FIMNOISCH.
  1322 | D:1      | 1322 ||| READING 2 scrolls of identify.
  1322 | D:1      | 1322 ||| IDENTIFYING fizzy silvery potion
  1419 | D:2      | 1419 ||| DROPPING +0 club.
  1467 | D:2      | 1467 ||| Stepping ~*~*~tactically~*~*~ (hiding).
  1684 | D:2      | Reached XP level 4. HP: 22/28 MP: 4/4
  1985 | D:2      | 1985 ||| UPGRADING to +0 chain mail.
  1995 | D:2      | 1995 ||| DROPPING +0 scale mail.
  1996 | D:2      | 1996 ||| UPGRADING to +0 helmet.
  2001 | D:2      | 2001 ||| READING scroll labelled RUANORUGHE.
  2051 | D:2      | 2051 ||| DRINKING 2 murky golden potions.
  2052 | D:2      | 2052 ||| DRINKING 2 cyan potions.
  2120 | D:3      | 2120 ||| Stepping ~*~*~tactically~*~*~ (stealth).
  2124 | D:3      | Reached skill level 4 in Axes
  2128 | D:3      | 2128 ||| Stepping ~*~*~tactically~*~*~ (stealth).
  2131 | D:3      | Noticed Sigmund
  2132 | D:3      | 2132 ||| Stepping ~*~*~tactically~*~*~ (stealth).
  2138 | D:3      | Killed Sigmund
  2139 | D:3      | Reached skill level 5 in Axes
  2139 | D:3      | Reached XP level 5. HP: 32/32 MP: 5/5
  2139 | D:3      | Reached XP level 6. HP: 37/37 MP: 6/6
  2151 | D:3      | 2151 ||| Stepping ~*~*~tactically~*~*~ (stealth).
  2167 | D:3      | 2167 ||| Stepping ~*~*~tactically~*~*~ (stealth).
  2299 | D:3      | 2299 ||| Stepping ~*~*~tactically~*~*~ (stealth).
  2300 | D:3      | 2300 ||| Stepping ~*~*~tactically~*~*~ (stealth).
  2732 | D:3      | 2732 ||| UPGRADING to ring of see invisible.
  2733 | D:3      | 2733 ||| READING scroll labelled KUDGHO BIKLAGI.
  2734 | D:3      | 2734 ||| READING scroll labelled GEAJEWNYAW.
  2735 | D:3      | 2735 ||| READING scroll labelled FAACUG RUOS.
  2736 | D:3      | 2736 ||| READING scroll labelled UNUICA IWOSES.
  2826 | D:4      | Reached skill level 6 in Axes
  2829 | D:4      | Reached skill level 1 in Dodging
  2944 | D:4      | 2944 ||| DROPPING +0 mace.
  3080 | D:4      | Found a faded altar of an unknown god.
  3082 | D:4      | Found a hazy altar of Hepliaklqana.
  3095 | D:4      | Found a faded altar of an unknown god.
  3124 | D:4      | Reached XP level 7. HP: 43/43 MP: 7/7
  3163 | D:4      | 3163 ||| Stepping ~*~*~tactically~*~*~ (hiding).
  3164 | D:4      | 3164 ||| Stepping ~*~*~tactically~*~*~ (hiding).
  3173 | D:4      | 3173 ||| Stepping ~*~*~tactically~*~*~ (stealth).
  3311 | D:4      | Noticed Natasha
  3318 | D:4      | Killed Natasha
  3319 | D:4      | Reached skill level 7 in Axes
  3407 | D:4      | Noticed Natasha
  3413 | D:4      | Killed Natasha
  3515 | D:4      | 3515 ||| READING scroll labelled IROBISISUH.
  3523 | D:5      | Entered Level 5 of the Dungeon
  3529 | D:5      | 3529 ||| STAIRDANCE
  3693 | D:5      | 3693 ||| Stepping ~*~*~tactically~*~*~ (stealth).
  3695 | D:5      | 3695 ||| Stepping ~*~*~tactically~*~*~ (hiding).
  3697 | D:5      | 3697 ||| Stepping ~*~*~tactically~*~*~ (hiding).
  3798 | D:5      | Found Gina's General Store.
  3805 | D:5      | 3805 ||| BUYING 2 potions of might (104 gold).
  3805 | D:5      | Bought 2 potions of might for 104 gold pieces
  3825 | D:5      | Reached XP level 8. HP: 49/49 MP: 8/8
  3834 | D:5      | 3834 ||| Stepping ~*~*~tactically~*~*~ (hiding).
  4157 | D:5      | Found a broken altar of Ashenzari.
  4161 | D:5      | Saw a vision of the Swamp and the Snake Pit.
  4161 | D:5      | Noticed a spriggan druid
  4161 | D:5      | Noticed a bog body
  4161 | D:5      | Noticed a goliath frog
  4161 | D:5      | Noticed a naga sharpshooter
  4161 | D:5      | Noticed a tyrant leech
  4162 | D:5      | Noticed a salamander
  4162 | D:5      | Noticed a naga mage
  4163 | D:5      | Noticed a black mamba
  4165 | D:5      | Noticed a naga mage
  4240 | D:5      | Noticed a moth of wrath
  4242 | D:5      | Found a bloodstained altar of Trog.
  4305 | D:5      | 4305 ||| READING scroll labelled EKKUOJ HYAWYSI.
  4306 | D:5      | 4306 ||| DRINKING 2 coppery potions.
  4307 | D:5      | 4307 ||| DRINKING 3 murky clear potions.
  4308 | D:5      | 4308 ||| READING 2 scrolls of identify.
  4308 | D:5      | 4308 ||| IDENTIFYING yellow potion
  4309 | D:5      | 4309 ||| DROPPING potion of flight.
  4310 | D:5      | 4310 ||| DROPPING potion of magic.
  4357 | D:6      | 4357 ||| FLEEEEING.
  4358 | D:6      | 4358 ||| FLEEEEING.
  4367 | D:6      | 4367 ||| STAIRDANCE
  4433 | D:6      | Noticed a troll
  4437 | D:6      | Reached skill level 8 in Axes
  4438 | D:6      | HP: 11/49 [ogre/+0 giant club (6)]
  4439 | D:6      | 4439 ||| READING 2 scrolls of teleportation.
  4440 | D:6      | 4440 ||| DRINKING potion of heal wounds.
  4478 | D:6      | 4478 ||| Stepping ~*~*~tactically~*~*~ (stealth).
  4479 | D:6      | 4479 ||| Stepping ~*~*~tactically~*~*~ (stealth).
  4541 | D:6      | Noticed a boulder beetle
  4542 | D:6      | 4542 ||| Stepping ~*~*~tactically~*~*~ (stealth).
  4548 | D:6      | 4548 ||| Stepping ~*~*~tactically~*~*~ (stealth).
  4572 | D:6      | 4572 ||| Stepping ~*~*~tactically~*~*~ (stealth).
  4577 | D:6      | 4577 ||| Stepping ~*~*~tactically~*~*~ (stealth).
  4594 | D:6      | HP: 11/49 [boulder beetle (5)]
  4595 | D:6      | 4595 ||| READING scroll of teleportation.
  4715 | D:6      | 4715 ||| FLEEEEING.
  4717 | D:6      | 4717 ||| STAIRDANCE
  4919 | D:6      | Reached skill level 6 in Fighting
  4975 | D:6      | 4975 ||| Stepping ~*~*~tactically~*~*~ (stealth).
  5106 | D:6      | Reached XP level 9. HP: 47/55 MP: 9/9
  5213 | D:6      | 5213 ||| Stepping ~*~*~tactically~*~*~ (hiding).
  5214 | D:6      | 5214 ||| Stepping ~*~*~tactically~*~*~ (hiding).
  5227 | D:6      | 5227 ||| FLEEEEING.
  5228 | D:6      | 5228 ||| FLEEEEING.
  5229 | D:6      | 5229 ||| STAIRDANCE
  5266 | D:5      | 5266 ||| READING 2 scrolls of identify.
  5266 | D:5      | 5266 ||| IDENTIFYING metallic pink potion
  5270 | D:6      | Reached skill level 9 in Axes
  5454 | D:6      | 5454 ||| Stepping ~*~*~tactically~*~*~ (stealth).
  5456 | D:6      | 5456 ||| Stepping ~*~*~tactically~*~*~ (hiding).
  5465 | D:6      | 5465 ||| Stepping ~*~*~tactically~*~*~ (cloud).
  5512 | D:6      | 5512 ||| FLEEEEING.
  5513 | D:6      | 5513 ||| FLEEEEING.
  5516 | D:6      | 5516 ||| FLEEEEING.
  5517 | D:6      | 5517 ||| FLEEEEING.
  5643 | D:6      | 5643 ||| Stepping ~*~*~tactically~*~*~ (stealth).
  5659 | D:6      | Killed a troll
  5688 | D:6      | 5688 ||| Stepping ~*~*~tactically~*~*~ (stealth).
  5703 | D:6      | 5703 ||| Stepping ~*~*~tactically~*~*~ (stealth).
  5704 | D:6      | 5704 ||| Stepping ~*~*~tactically~*~*~ (stealth).
  5895 | D:6      | HP: 2/57 [boulder beetle (16)]
  5903 | D:6      | Annihilated by a boulder beetle

Levels and vault maps discovered:
D:1:      reono_arrival_forest_river, layout_basic,
          shapermc_ecumenical_altar_petra, serial_shops,
          nicolae_shop_behind_doors, minmay_gold_behind_fungi
D:2:      layout_rooms
D:3:      layout_loops_ring, uniq_sigmund
D:4:      layout_basic, nicolae_hepliaklqana_ecumenical_no_more,
          minmay_manual_monstrance, uniq_natasha
D:5:      layout_loops_ring, grunt_ashenzari_visionary
          [grunt_ashenzari_visionary_swamp, grunt_ashenzari_visionary_snake],
          tgw_trog, serial_shops, shop, minmay_misc_feat_nine_boxes
D:6:      cheibrodos_fzero, layout_gridville, minmay_temple_entry_fiery

Skill      XL: |  1  2  3  4  5  6  7  8  9 |
---------------+----------------------------+-----
Axes           | 2 3 5 6 7 8 9 |  9.0
Fighting       | 4 5 6 7 |  7.1
Dodging        | 1 |  1.0
Armour         | 4 5 |  5.4
Shields        | 4 |  4.3

Action                   |  1- 3 |  4- 6 |  7- 9 || total
-------------------------+-------+-------+-------++-------
Melee: War axe           |    98 |   101 |   196 ||   395
  Use: Scroll            |     7 |     5 |     6 ||    18
       Potion            |       |     2 |     3 ||     5
Armor: Scale mail        |    37 |    12 |       ||    49
       Chain mail        |       |    46 |   119 ||   165
Dodge: Dodged            |    49 |    36 |    69 ||   154
Block: Buckler           |    19 |    27 |    61 ||   107

Table legend:
 A = Non-vault XP
 B = Vault XP
 C = Vault XP percentage of total XP
 D = Non-vault monster count
 E = Vault monster count
 F = Vault count percentage of total count
                 A         B        C        D         E       F
            +---------+---------+-------+---------+---------+-------
      Total |    1472 |    1768 |  54.6 |      99 |      25 |  20.2
            +---------+---------+-------+---------+---------+-------
        D:1 |      36 |       0 |   0.0 |      19 |       0 |   0.0
        D:2 |      59 |       0 |   0.0 |      21 |       0 |   0.0
        D:3 |      99 |     223 |  69.3 |      22 |       1 |   4.3
        D:4 |     444 |     186 |  29.5 |      14 |       6 |  30.0
        D:5 |     374 |      17 |   4.3 |      13 |       5 |  27.8
        D:6 |     460 |    1342 |  74.5 |      10 |      13 |  56.5
            +---------+---------+-------+---------+---------+-------
